 Dungeon Crawl Stone Soup version 0.26.1-11-gd32895ea62 (webtiles) character file.

Game seed: 12436720003047663559

34 H0rd4k the Insei (level 3, -6/23 HPs)
             Began as an Octopode Transmuter on June 2, 2021.
             Killed from afar by Sigmund (10 damage)
             ... with a magic dart
             ... on level 2 of the Dungeon.
             The game lasted 00:01:42 (1279 turns).

H0rd4k the Insei (Octopode Transmuter)              Turns: 1279, Time: 00:01:42

Health: -6/23      AC:  1    Str:  9    XL:     3   Next: 31%
Magic:  6/6        EV: 28    Int: 16    God:
Gold:   87         SH:  0    Dex: 12    Spells: 2/6 levels left

rFire    . . .     SeeInvis .     - Unarmed
rCold    . . .     Faith    .   (no shield)
rNeg     . . .     Spirit   .   (helmet restricted)
rPois    .         Reflect  .   i - amulet of the acrobat
rElec    .         Harm     .   (no ring)
rCorr    .         Rampage  .   (no ring)
Will     .....                  (no ring)
Stlth    ++........             (no ring)
HPRegen  0.07/turn              (no ring)
MPRegen  0.10/turn              (no ring)
                                (no ring)
                                (no ring)

@: confused, acrobat
A: almost no armour, stealthy swim, amphibious, 8 rings, constrict 8, camouflage
1, gelatinous body 1
a: no special abilities


You were on level 2 of the Dungeon.
You visited 1 branch of the dungeon, and saw 2 of its levels.

You collected 87 gold pieces.

Inventory:

Hand Weapons
 e - a +2 hunting sling of flaming
Jewellery
 i - an amulet of the acrobat (around mantle)
Scrolls
 b - 2 scrolls of identify
 c - a scroll of enchant armour
 d - a scroll of fog


   Skills:
 + Level 1.0 Fighting
 + Level 2.3 Dodging
 - Level 0.2 Stealth
 + Level 3.5 Unarmed Combat
 * Level 2.3 Spellcasting
 * Level 2.2 Transmutations
 * Level 0.2 Poison Magic


You had 2 spell levels left.
You knew the following spells:

 Your Spells              Type           Power        Failure   Level
a - Beastly Appendage     Tmut           18%          9%          1
b - Spider Form           Tmut/Pois      2%           36%         3

Your spell library contained the following spells:

 Spells                   Type           Power        Failure   Level
 Wereblood                Tmut           9%           12%         2
 Ice Form                 Ice/Tmut       5%           77%         4
 Blade Hands              Tmut           4%           92%         5


Dungeon Overview and Level Annotations

Branches:
Dungeon (2/15)

Altars:

Annotations:
D:2 1 runed translucent door, Crazy Yiuf, Sigmund


Innate Abilities, Weirdness & Mutations

You cannot wear most types of armour.
You are very stealthy in the water. (Stealth+)
You are amphibious.
You can wear up to eight rings at the same time.
You can use your tentacles to constrict eight enemies at once.
Your skin changes colour to match your surroundings (Stealth+).
Your rubbery body absorbs attacks. (AC +1, EV +1)


Message History

Your magical contamination has completely faded away.
You hear some strange, mumbled words.
A puff of flame appears from out of thin air!
The puff of flame hits you.
* * * LOW HITPOINT WARNING * * *
You hear some strange, mumbled words.
Something tries to affect you, but you resist.
Something hits you but does no damage.
You feel less wooden. Something hits you.
* * * LOW HITPOINT WARNING * * *
You are confused.
You're too confused to move!
Sigmund appears from thin air!
Reactivating autopickup.
Sigmund points at himself and mumbles some strange words.
Sigmund flickers and vanishes!
Deactivating autopickup; reactivate with Ctrl-A.
A magic dart appears from out of thin air!
The magic dart hits you!
You die...

#......# #.#.# ###
#......# #.#.#
#)..#♣ #..=.(.#
#.#.## #...+.
+......# #....#
#...#♣
#.....(#######...#
### ♣
######...........#
#.†{.....#..#
+.........>.#
#..@.....##.#####
###########.....#
#...#.####
#.#.#.....
#.#.#####.
###.#.....
#.#.##.. #.#.##..
#...[...


There were no monsters in sight!

Vanquished Creatures
  A leopard gecko (D:1)
  3 giant cockroaches (D:1)
  6 goblins (D:1)
  3 hobgoblins (D:1)
  3 jackals (D:1)
  6 bats (D:1)
  2 frilled lizards (D:2)
  4 kobolds
  3 rats (D:1)
31 creatures vanquished.

Notes
Turn   | Place    | Note
-------+----------+-------------------------------------------
     0 | D:1      | H0rd4k the Octopode Transmuter began the quest for the Orb.
     0 | D:1      | Reached XP level 1. HP: 13/13 MP: 3/3
    39 | D:1      | Reached XP level 2. HP: 11/18 MP: 5/5
   695 | D:1      | Reached XP level 3. HP: 23/23 MP: 6/6
   699 | D:1      | Learned a level 3 spell: Spider Form
  1150 | D:2      | Found a runed translucent door.
  1151 | D:2      | Noticed Crazy Yiuf
  1233 | D:2      | Noticed Sigmund
  1279 | D:2      | Killed from afar by Sigmund

Illustrated notes

Levels and vault maps discovered:
D:1:      dpeg_arrival_shrine, layout_rooms
D:2:      layout_basic, uniq_terence, uniq_sigmund, uniq_crazy_yiuf_cottage

Action                   || total
-------------------------++-------
Melee: Unarmed           ||    67
       Constrict         ||    17
       Tentacles         ||     9
       Punch             ||     3
  Use: Scroll            ||     3
       Potion            ||     3
 Stab: Sleeping          ||     5
       Invisible         ||     1
Armor: Skin              ||    30
Dodge: Dodged            ||    60
